Map: [TLMC15] Oblivion

Players

A.I. 1 (Very Easy)

  • Race: Protoss Protoss

Drift - Winner!

  • Race: Terran Terran
  • League: Master

VOD

Have the link to the VOD?

Description

An updated way of playing the mu

Time

  • Played on: Oct. 7, 2021, 1:06 p.m.
  • Length: 10:23
Show
View Real Time Build Order
Export as new Build Order

A.I. 1 (Very Easy) Protoss 

Build Orders: 1 Gate Expand, Nexus First 

Get SALT Encoding   

  12  0:00  Probe  
  13  0:13  Probe  
  14  0:19  Pylon  
  14  0:42  Gateway  
  14  1:02  Nexus  
  14  1:18  Pylon  
  14  1:20  Zealot  
  14  1:22  Assimilator  
  14  1:32  Probe  
  16  1:35  Cybernetics Core  
  17  1:41  Probe  
  18  1:51  Probe  
  19  2:01  Probe  
  19  2:02  Assimilator  
  20  2:09  Probe  
  20  2:12  Stalker  
  20  2:14  Warp Gate  
  20  2:15  Probe  
  24  2:23  Probe  
  24  2:28  Probe  
  26  2:53  Probe  
  26  2:55  Assimilator  
  26  2:57  Pylon  
  27  3:00  Probe  
  28  3:08  Probe  
  29  3:14  Probe  
  29  3:15  Robotics Facility  
  30  3:22  Adept, Probe  
  30  3:25  Probe  
  34  3:36  Probe  
  35  3:43  Probe  
  36  3:50  Probe  
  37  3:58  Probe  
  39  4:02  Observer  
  39  4:05  Assimilator, Probe  
  39  4:08  Probe  
  40  4:16  Probe  
  41  4:22  Probe  
  43  4:24  Observer  
  43  4:30  Probe  
  44  4:32  Sentry  
  44  4:37  Pylon  
  47  4:40  Probe  
  48  4:48  Probe  
  49  4:55  Probe  
  50  9:38  Stalker  
  52  9:40  Pylon  
  46  9:51  Probe  
  42  9:53  Pylon  
  42  9:54  Probe  
  34  10:06  Zealot  
  10  10:19  Pylon  
Show
View Real Time Build Order
Export as new Build Order

Drift Terran - Winner!

Build Orders:  

Get SALT Encoding   

  12  0:00  SCV  
  13  0:12  SCV  
  14  0:17  Supply Depot  
  14  0:25  SCV  
  15  0:39  SCV  
  15  0:40  Barracks  
  16  0:43  Refinery  
  16  0:51  SCV  
  17  1:03  SCV  
  18  1:15  SCV  
  19  1:27  Marine  
  19  1:28  Orbital Command  
  20  1:41  Command Center  
  20  1:46  Barracks Reactor  
  21  1:54  SCV  
  21  1:56  Supply Depot  
  21  2:06  SCV  
  22  2:09  Factory  
  22  2:18  SCV  
  22  2:21  Marine  
  22  2:22  Marine  
  25  2:26  Bunker  
  25  2:30  SCV  
  25  2:31  Refinery  
  26  2:39  Marine x2  
  26  2:42  SCV  
  29  2:53  Orbital Command  
  29  2:54  SCV  
  29  2:57  Starport  
  30  3:02  Widow Mine  
  30  3:04  Marine  
  33  3:08  SCV  
  33  3:11  Marine  
  35  3:18  SCV  
  36  3:20  Supply Depot  
  36  3:21  SCV  
  36  3:22  Marine  
  36  3:26  Widow Mine  
  40  3:29  Marine  
  40  3:30  SCV  
  40  3:33  SCV  
  43  3:36  Medivac  
  45  3:43  SCV  
  45  3:45  Barracks, SCV  
  47  3:51  Barracks  
  47  3:54  Marine  
  47  3:55  Marine  
  49  3:59  Supply Depot  
  49  4:00  SCV  
  49  4:02  SCV  
  51  4:04  Factory Tech Lab  
  51  4:06  Starport Tech Lab  
  51  4:12  SCV  
  51  4:13  Marine x2  
  54  4:20  SCV  
  54  4:22  Supply Depot  
  55  4:24  SCV  
  55  4:27  Engineering Bay  
  56  4:32  SCV  
  56  4:36  SCV  
  56  4:37  Marine x2  
  60  4:38  Stimpack  
  60  4:44  SCV  
  61  4:46  Marine x2  
  61  4:48  SCV  
  61  4:52  Supply Depot  
  64  4:54  Refinery, Terran Infantry Weapons Level 1  
  64  4:57  Starport Reactor  
  64  4:58  Factory Reactor  
  64  4:59  SCV  
  65  5:05  SCV  
  66  5:08  Combat Shield  
  66  5:12  Marauder x2  
  70  5:14  SCV  
  70  5:17  SCV  
  70  5:20  Supply Depot  
  72  5:23  Supply Depot  
  72  5:25  Marine x2  
  74  5:31  SCV  
  74  5:32  Refinery  
  74  5:33  Marauder  
  77  5:42  Marauder, Medivac x2, Widow Mine  
  85  5:45  Widow Mine, Supply Depot  
  85  5:46  Supply Depot, Marine x2  
  89  5:55  Marauder  
  91  6:04  Marauder  
  93  6:08  Supply Depot  
  93  6:10  Supply Depot  
  93  6:11  Command Center, Marine x2  
  94  6:12  Medivac x2  
  94  6:17  Widow Mine x2  
  94  6:18  Marauder  
  105  6:19  Concussive Shells  
  105  6:29  Marauder  
  105  6:32  Marine x2  
  109  6:33  Barracks, SCV  
  109  6:34  Barracks, SCV  
  113  6:41  Widow Mine  
  113  6:42  Widow Mine  
  113  6:45  SCV  
  118  6:47  Supply Depot  
  118  6:48  Supply Depot  
  118  6:50  SCV  
  118  6:53  Terran Infantry Armor Level 1  
  119  6:56  Viking  
  119  6:58  Viking  
  119  7:01  SCV  
  122  7:03  SCV  
  122  7:06  Marauder  
  125  7:09  Marauder  
  125  7:13  SCV  
  125  7:14  Marine x2  
  125  7:15  SCV  
  131  7:16  Widow Mine x2  
  135  7:24  Barracks Tech Lab  
  135  7:25  Ghost Academy, Barracks Reactor, SCV  
  135  7:29  Viking  
  138  7:31  Viking  
  138  7:35  SCV  
  141  7:37  SCV  
  142  7:44  Supply Depot  
  142  7:47  SCV  
  142  7:49  Orbital Command  
  142  7:50  SCV  
  144  7:53  Ghost x2  
  144  7:57  Ghost  
  150  7:59  SCV  
  150  8:02  Supply Depot  
  151  8:06  SCV  
  151  8:07  Supply Depot  
  151  8:10  Viking  
  151  8:11  SCV  
  151  8:12  Viking  
  157  8:14  Bunker, SCV  
  157  8:18  SCV  
  157  8:19  Marine x2  
  161  8:20  Marine  
  161  8:21  Widow Mine  
  161  8:24  Widow Mine  
  166  8:27  Supply Depot  
  166  8:29  Supply Depot  
  166  8:30  SCV  
  166  8:31  SCV x2  
  169  8:36  Marauder x2  
  169  8:37  Marauder  
  175  8:43  Widow Mine  
  177  8:49  Supply Depot  
  177  8:51  Supply Depot  
  177  8:54  Armory, Command Center  
  177  8:55  Engineering Bay  
  177  8:56  SCV x3  
  180  9:09  SCV  
  181  9:11  Refinery  
  181  9:12  Marauder, Marine, SCV x2  
  181  9:13  Refinery, Medivac x2, Marine x2  
  181  9:14  Marauder  
  194  9:21  Missile Turret x2  
  194  9:28  Marauder, Marine  
  199  9:31  Widow Mine  
  199  9:32  Marine  
  199  9:49  Marine  
  199  9:51  SCV  
  200  10:02  Command Center  
  200  10:03  Starport  
  200  10:06  Fusion Core  
  198  10:08  Missile Turret  
Tags
 
Add a new tag
Caveats
  • Supply blocks, unpowered buildings, or Contaminate may cause inaccurate times.
  • Supply counts are checked every 10 seconds.